 Dungeon Crawl Stone Soup version 0.31.0-11-ge490571c62 (webtiles) character file.

Game seed: 16115525399036031568

86 browni3141 the Trooper (level 4, 0/40 HPs)
             Began as a Minotaur Fighter on Jan 28, 2024.
             Slain by a gnoll
             ... wielding a +0 halberd
              (4 damage)
             ... on level 3 of the Dungeon.
             The game lasted 00:00:27 (1774 turns).

browni3141 the Trooper (Minotaur Fighter)           Turns: 1774, Time: 00:00:27

Health: 0/40       AC:  7    Str: 23    XL:     4   Next: 26%
Magic:  3/3        EV:  9    Int:  5    God:
Gold:   69         SH:  4    Dex:  9    Spells: 3/3 levels left

rFire   . . .        a - +0 war axe
rCold   . . .        c - +0 buckler
rNeg    . . .        b - +0 scale mail
rPois   .            (helmet restricted)
rElec   .            (no cloak)
rCorr   .            (no gloves)
SInv    .            (no boots)
Will    .....        (no amulet) Stlth
                     (no ring)
HPRegen 0.26/turn    (no ring)
MPRegen 0.08/turn

%: no passive effects
@: mighty
A: horns 2, retaliatory headbutt
a: no special abilities


You were on level 3 of the Dungeon.
You visited 1 branch of the dungeon, and saw 3 of its levels.

You collected 69 gold pieces.

Inventory:

Hand Weapons
 a - a +0 war axe (weapon)
Missiles
 e - 2 boomerangs (quivered)
 l - a throwing net
Armour
 b - a +0 scale mail (worn)
 c - a +0 buckler (worn)
Scrolls
 g - a scroll of noise {unknown}
 i - a scroll of teleportation {unknown}
 k - a scroll of vulnerability {unknown}
Potions
 f - 2 potions of heal wounds {unknown}
 h - a potion of curing {unknown}
 j - a potion of brilliance {unknown}


   Skills:
 + Level 4.2 Fighting
 * Level 4.0 Axes
 + Level 4.2 Armour
 + Level 4.2 Shields


You had 3 spell levels left.
You didn't know any spells.
Your spell library was empty.

Dungeon Overview and Level Annotations

Branches:
Dungeon (3/15)

Altars:


Innate Abilities, Weirdness & Mutations

You have a pair of horns on your head.
You reflexively headbutt those who attack you in melee.


Message History

You hit the gnoll but do no damage. The gnoll hits you with a +0 flail.
You block the gnoll's attack. The gnoll hits you with a +0 flail!
You barely miss the gnoll. You hit the gnoll.
The gnoll hits you with a +0 flail! The gnoll hits you but does no damage.
The gnoll completely misses you.
You slash the gnoll!
You kill the gnoll!
You slash the gnoll! You closely miss the orc. The gnoll barely misses you.
The gnoll hits you with a +0 whip. The orc barely misses you.
You furiously retaliate!
You headbutt the orc. You barely miss the gnoll.
The gnoll is severely wounded.
You slash the orc!
You kill the orc!
The gnoll barely misses you. The gnoll hits you with a +0 whip.
The gnoll barely misses you. x2
You slash the gnoll!
You kill the gnoll!
The gnoll hits you from afar with a +0 spear.
You throw a throwing net. The throwing net hits the gnoll.
The gnoll is caught in the net!
The gnoll struggles against the net.
The gnoll struggles against the net.
Items here: )) ††.
You catch the helpless gnoll completely off-guard!
You slash the gnoll!
You kill the gnoll!
You have reached level 4!
You feel stronger.
HP restored.
e - 2 boomerangs You see here a +0 dagger.
l - a throwing net You see here a +0 spear.
A frilled lizard comes into view.
The frilled lizard hisses angrily.
A frilled lizard is nearby!
A frilled lizard is nearby!
A frilled lizard is nearby!
A frilled lizard is nearby!
A gnoll comes into view. It is wielding a +0 club.
A gnoll comes into view.
It is wielding a +0 halberd and quivering a throwing net.
The gnoll shouts! x2
The gnoll moves out of view.
There are monsters nearby!
A gnoll comes into view. It is wielding a +0 club.
Found 3 stones.
Found a stone staircase leading up.
The gnoll shouts!
The frilled lizard bites you.
You closely miss the frilled lizard.
The frilled lizard bites you but does no damage.
A gnoll comes into view. It is wielding a +0 halberd.
The frilled lizard closely misses you.
There are monsters nearby!
You closely miss the frilled lizard. You closely miss the gnoll.
The gnoll shouts!
The gnoll hits you with a +0 club.
The frilled lizard bites you but does no damage.
You barely miss the gnoll. You hit the frilled lizard.
The gnoll hits you but does no damage.
The frilled lizard bites you but does no damage.
There are monsters nearby!
You closely miss the frilled lizard.
The frilled lizard is heavily wounded.
You hit the gnoll. The gnoll hits you but does no damage.
You block the frilled lizard's attack. The gnoll hits you with a +0 club!
The frilled lizard bites you but does no damage.
You hit the frilled lizard but do no damage.
The frilled lizard is heavily wounded.
You slash the gnoll! You hit the gnoll. The gnoll closely misses you.
You furiously retaliate!
You headbutt the gnoll. The gnoll hits you but does no damage.
The frilled lizard bites you. The gnoll closely misses you.
There are monsters nearby!
You hit the gnoll.
You kill the gnoll!
You hit the frilled lizard.
You kill the frilled lizard!
You closely miss the gnoll.
The gnoll hits you from afar with a +0 halberd.
The gnoll hits you with a +0 club.
Your Axes skill increases to level 4!
The gnoll hits you but does no damage.
You see here a frilled lizard corpse.
There are monsters nearby!
You closely miss the gnoll. You headbutt the gnoll!
The gnoll is almost dead.
The gnoll hits you with a +0 club. The gnoll barely misses you.
The gnoll hits you from afar with a +0 halberd.
The gnoll hits you but does no damage. x2; The gnoll barely misses you.
There are monsters nearby!
You hit the gnoll.
The gnoll is almost dead.
The gnoll hits you but does no damage.
The gnoll hits you from afar with a +0 halberd.
The gnoll hits you with a +0 club!
There are monsters nearby!
You feel very mighty all of a sudden. You block the gnoll's attack.
The gnoll hits you with a +0 club.
The gnoll hits you from afar with a +0 halberd.
You die...

## ##.## ##..(##
#####.....#.(.
#####....g@....#
##...#.###)....##
#....))####gg..#
#.....)..<...#.#
#.....).###.###.#
##...##.# #.# #..
##.# #.# #<. ...
#. #.# ### .# #.
#.#


You could see 3 gnolls.

Vanquished Creatures
  6 gnolls
  A dart slug (D:1)
  An orc (D:3)
  4 bats
  2 endoplasms (D:1)
  A giant cockroach (D:2)
  2 goblins
  3 hobgoblins (D:1)
  3 quokkas
  2 ball pythons (D:1)
  3 frilled lizards
28 creatures vanquished.

Notes
Turn   | Place    | Note
-------+----------+-------------------------------------------
     0 | D:1      | browni3141 the Minotaur Fighter began the quest for the
                  | Orb.
     0 | D:1      | Reached XP level 1. HP: 19/19 MP: 0/0
   211 | D:1      | Reached XP level 2. HP: 5/27 MP: 1/1
   843 | D:2      | Reached XP level 3. HP: 33/33 MP: 2/2
  1059 | D:2      | Found a faded altar of an unknown god.
  1636 | D:3      | Reached XP level 4. HP: 9/40 MP: 3/3
  1774 | D:3      | Slain by a gnoll

Illustrated notes

Levels and vault maps discovered:
D:1:      kilobyte_arrival_exit_the_forest, layout_rooms
D:2:      layout_basic, shapermc_ecumenical_altar_venn, minmay_misc_feat_alley
D:3:      layout_loops_ring, serial_shops, shop, kennysheep_generic_room_7

Skill      XL: |  1  2  3  4 |
---------------+-------------+-----
Axes           | 3 4 |  4.0
Shields        | 4 |  4.2
Fighting       | 4 |  4.2
Armour         | 4 |  4.2

Action                     |  1- 3 |  4- 6 || total
---------------------------+-------+-------++-------
  Melee: War axe           |    47 |     8 ||    55
         Headbutt          |     3 |     1 ||     4
  Throw: Throwing net      |     1 |       ||     1
    Use: Potion            |       |     1 ||     1
   Stab: Held in net/web   |     1 |       ||     1
 Armour: Scale mail        |    36 |    23 ||    59
  Dodge: Dodged            |    24 |     5 ||    29
  Block: Buckler           |    10 |     2 ||    12
